 Dungeon Crawl Stone Soup version 0.31-a0-691-g409c26aa35 (webtiles) character file.

Game seed: 6822875110853031709

7844 iamoutofideas the Severer (level 11, 19/79 HPs)
             Began as a Hill Orc Berserker on Sept 7, 2023.
             Was a High Priest of Trog.
             Quit the game on level 2 of the Abyss.
             The game lasted 00:15:07 (9983 turns).

iamoutofideas the Severer (Hill Orc Berserker)      Turns: 9983, Time: 00:15:07

Health: 19/79      AC: 33    Str: 25    XL:     11   Next: 21%
Magic:  8/8        EV: 10    Int:  7    God:    Trog [*****.]
Gold:   1346       SH:  0    Dex:  6    Spells: 10/10 levels left

rFire   x x .        a - +0 hand axe
rCold   x . .        (no shield)
rNeg    + + +        H - +14 crystal plate armour of Suree {rElec rC- rN+++ rCorr}
rPois   .            (no helmet)
rElec   +            r - +2 cloak
rCorr   +            (no gloves)
SInv    .            F - +1 pair of boots of Tenacity {rN+}
Will    +....        (no amulet) Stlth
                     v - +5 ring of evasion
HPRegen 0.33/turn    j - ring of willpower
MPRegen 0.11/turn

%: no passive effects
@: on berserk cooldown, slowed, studying Armour, very slow
A: [clumsy 2], [deformed body], [frail 2], [low MP 2], [heat vulnerability 2],
[subdued magic 3], [inability to drink after injury 2], [inability to read after
injury 2]
a: Renounce Religion, Berserk, Trog's Hand, Brothers in Arms


You were on level 2 of the Abyss.
You worshipped Trog.
Trog was extremely pleased with you.
You visited 2 branches of the dungeon, and saw 10 of its levels.
You visited the Abyss 1 time.
You also visited: Sewer and Ossuary.

You collected 1635 gold pieces.
You spent 289 gold pieces at shops.

Inventory:

Hand Weapons
 a - a +0 hand axe (weapon)
Missiles
 D - 5 curare-tipped darts
 J - a throwing net
Armour
 d - a +0 chain mail
 i - a +2 pair of boots
 r - a +2 cloak (worn)
 F - the +1 pair of boots of Tenacity (worn) {rN+}
   (You bought it in a shop on level 6 of the Dungeon)

   rN+:       It protects you from negative energy.
 H - the +14 crystal plate armour of Suree (worn) {rElec rC- rN+++ rCorr}
   (You acquired it on level 7 of the Dungeon)

   rC-:       It makes you vulnerable to cold.
   rElec:     It insulates you from electricity.
   rN+++:     It renders you almost immune to negative energy.
   rCorr:     It protects you from acid and corrosion.
Jewellery
 f - a ring of see invisible
 j - a ring of willpower (right hand)
 u - a ring of protection from cold
 v - a +5 ring of evasion (left hand)
 E - the ring of Tempters {Fly rPois rC+ Str+9 Dex-4}
   (You found it on level 8 of the Dungeon)

   [ring of protection from cold]

   Str+9:     It affects your strength (+9).
   Dex-4:     It affects your dexterity (-4).
   rC+:       It protects you from cold.
   rPois:     It protects you from poison Fly: It grants you flight.
Wands
 G - a wand of quicksilver (13)
 K - a wand of flame (16)
Scrolls
 b - 2 scrolls of enchant weapon {unknown}
 g - 8 scrolls of identify
 k - 3 scrolls of noise {unknown}
 w - 3 scrolls of teleportation
 y - a scroll of fog {unknown}
 z - 3 scrolls of blinking {unknown}
 C - a scroll of fear {unknown}
 I - a scroll of poison {unknown}
Potions
 c - a potion of enlightenment {unknown}
 e - 2 potions of berserk rage {unknown}
 h - 2 potions of heal wounds
 l - 4 potions of haste
 m - 4 potions of mutation
 n - 2 potions of resistance {unknown}
 o - 3 potions of invisibility
 p - 4 potions of curing {unknown}
 q - 4 potions of attraction {unknown}
 s - 2 potions of ambrosia {unknown}
 t - a potion of brilliance {unknown}
 x - a potion of lignification {unknown}
 A - a potion of might {unknown}
 B - a potion of degeneration {unknown}


   Skills:
 + Level 9.9 Fighting
 * Level 16.1 Axes
 * Level 10.2 Armour
 + Level 4.2 Dodging


You had 10 spell levels left.
You didn't know any spells.
Your spell library contained the following spells:

 Spells                   Type           Power      Damage    Failure   Level
 Apportation              Tloc           0%         N/A       100%        1
 Necrotise                Necr           0%         1d4       100%        1
 Summon Small Mammal      Summ           0%         N/A       100%        1
 Sublimation of Blood     Necr           0%         N/A       100%        2
 Summon Guardian Golem    Hex/Summ       0%         N/A       100%        3
 Cause Fear               Hex            0%         N/A       100%        4
 Manifold Assault         Tloc           0%         N/A       100%        4
 Petrify                  Tmut/Erth      0%         N/A       100%        4
 Alistair's Intoxication  Tmut/Pois      0%         N/A       100%        5
 Fireball                 Conj/Fire      0%         3d3       100%        5
 Irradiate                Conj/Tmut      0%         3d11      100%        5
 Dispersal                Tloc           0%         N/A       100%        6
 Orb of Destruction       Conj           0%         9d5       100%        7
 Spellforged Servitor     Conj/Summ      0%         N/A       100%        7
 Disjunction              Tloc           0%         N/A       100%        8
 Dragon's Call            Summ           0%         N/A       100%        9


Dungeon Overview and Level Annotations

Branches:
Dungeon (9/15)             Temple (1/1) D:5             Orc (0/2) D:9
  Sewer (visited)         Ossuary (visited)
   Lair: D:8-11

Altars:
Ashenzari
Cheibriados
Dithmenos
Elyvilon
Fedhas
Gozag
Hepliaklqana
Kikubaaqudgha
Makhleb
Nemelex Xobeh
Okawaru
Qazlal
Ru
Sif Muna
Trog
Uskayaw
Vehumet
Wu Jian
Xom
Yredelemnul
Zin
The Shining One

Shops:
D:1 =   D:6 [*=(


Innate Abilities, Weirdness & Mutations

[You are very clumsy. (Dex -4)]
[Armour fits poorly on your strangely shaped body.]
[You are very frail. (-20% HP)]
[Your magical capacity is very low. (-20% MP)]
[You are very vulnerable to heat. (rF--)]
[Your spells are much easier to cast, but much less powerful.]
[You sometimes lose the ability to drink potions when taking damage.]
[You sometimes lose the ability to read scrolls when taking damage.]


Message History

You are too injured to fight recklessly!
Unknown command.
You are too injured to fight recklessly!
Unknown command.
Unknown command.
You are too injured to fight recklessly!
Unknown command.
You are too injured to fight recklessly!
The raiju bursts into living lightning!
The living lightning misses the raiju.
The living lightning hits the raiju.
The raiju completely resists.
The living lightning misses you.
The raiju blinks! x4
The wretched star pulses with an eldritch light!
You feel frail. x2
The raiju bites you but does no damage.
The wretched star pulses with an eldritch light!
Your connection to magic feels nearly dormant.
The raiju bursts into living lightning!
The living lightning hits you but does no damage.
The raiju blinks!
The raiju bursts into living lightning!
The living lightning hits you. You resist.
The raiju blinks!
The raiju bursts into living lightning!
The living lightning hits the raiju.
The raiju completely resists.
The living lightning hits you. You resist.
The raiju blinks!
The wretched star pulses with an eldritch light!
You occasionally lose the ability to read scrolls when taking damage.
You lose the ability to read scrolls when taking damage more often.
You slash the bunyip skeleton!
The bunyip skeleton is lightly damaged.
You hit the raiju but do no damage.
The raiju bursts into living lightning!
The living lightning hits you. You resist.
* * * LOW HITPOINT WARNING * * *
The raiju blinks!
The bunyip skeleton claws you.
* * * LOW HITPOINT WARNING * * *
The bunyip skeleton claws you but does no damage. x2
The raiju bites you but does no damage.
Unknown command.
Are you sure you want to abandon this character and quit the game? (Confirm with "yes".)

.# .. ##. ~. # .#
.. .. ..~~ .. .##.
#.##..~.#
...#...##.#...~≈.
....h......~...~.
...§..........~~.#
. .....hZ........~.
......≈@h.....#~#
........≈..§......#
.....≈..≈..h.....#
. ..............##.
........*......##
................##
.............#...
.............#~#.#
.#.............~.#
..


You could see a wretched star, 4 raiju and a bunyip skeleton.

Vanquished Creatures
  Harold (D:9)
  2 two-headed ogres
  Pikel (D:8)
  Joseph (D:9)
  A troll (D:9)
  Grinder (D:4)
  Prince Ribbit (D:8)
  Sigmund (D:4)
  Menkaure (D:4)
  3 water moccasins
  A sky beast (D:8)
  3 ice beasts
  2 black bears
  4 orc warriors
  5 ogres
  A phantom (D:7)
  2 lemures (D:8)
  4 kobold brigands
  2 bullfrogs
  14 scorpions
  A gnoll sergeant (D:7)
  5 wights (D:8)
  3 killer bees (D:9)
  A howler monkey (D:8)
  2 human zombies (Ossuary)
  Crazy Yiuf (D:3)
  3 orc priests
  2 hounds
  A jelly (D:7)
  3 iguanas
  A sleepcap (D:6)
  4 orc wizards
  A scorpion zombie (Ossuary)
  3 mummies (Ossuary)
  9 gnolls
  9 adders
  A river rat (D:3)
  2 white imps
  2 worms
  2 dart slugs
  21 orcs
  13 endoplasms
  7 giant cockroaches
  2 gnoll zombies (Ossuary)
  10 goblins
  15 hobgoblins
  9 jackals (D:1)
  35 kobolds
  8 quokkas
  12 ball pythons
  8 bats
  3 frilled lizards
  A goblin zombie (Ossuary)
  2 hobgoblin zombies (Ossuary)
  4 kobold zombies (Ossuary)
  4 orc zombies (Ossuary)
  26 rats
287 creatures vanquished.

Notes
Turn   | Place    | Note
-------+----------+-------------------------------------------
     0 | D:1      | iamoutofideas the Hill Orc Berserker began the quest for
                  | the Orb.
     0 | D:1      | Reached XP level 1. HP: 19/19 MP: 1/1
    29 | D:1      | Reached XP level 2. HP: 20/27 MP: 2/2
   467 | D:1      | Found Elihuidgh's Jewellery Shoppe.
   522 | D:1      | Reached XP level 3. HP: 33/33 MP: 3/3
  1059 | D:1      | Reached skill level 5 in Axes
  1361 | D:2      | Reached ** piety under Trog
  1452 | D:2      | Reached XP level 4. HP: 34/41 MP: 4/4
  1988 | D:2      | Found a faded altar of an unknown god.
  2338 | D:3      | Reached skill level 6 in Axes
  2410 | D:3      | Reached XP level 5. HP: 47/47 MP: 5/5
  2512 | D:3      | Reached *** piety under Trog
  2519 | D:3      | Found a glowing drain.
  2524 | Sewer    | Entered a sewer
  2603 | Sewer    | Noticed a kobold brigand
  2611 | Sewer    | Killed a kobold brigand
  2612 | Sewer    | Reached skill level 5 in Fighting
  2612 | Sewer    | Reached skill level 7 in Axes
  2786 | Sewer    | Noticed a kobold brigand
  2789 | Sewer    | Reached XP level 6. HP: 56/56 MP: 6/6
  2796 | Sewer    | Reached skill level 8 in Axes
  3212 | D:3      | Found a runed translucent door.
  3213 | D:3      | Noticed Crazy Yiuf
  3274 | D:3      | Found a shimmering altar of Xom.
  3313 | D:3      | Reached **** piety under Trog
  3653 | D:3      | Found a sacrificial altar of Ru.
  4000 | D:3      | Killed Crazy Yiuf
  4260 | D:4      | Noticed Grinder
  4263 | D:4      | Paralysed by Grinder for 5 turns
  4275 | D:4      | Paralysed by Grinder for 5 turns
  4289 | D:4      | Killed Grinder
  4290 | D:4      | Reached skill level 9 in Axes
  4290 | D:4      | Reached XP level 7. HP: 58/61 MP: 7/7
  4359 | D:4      | Noticed Menkaure
  4365 | D:4      | Killed Menkaure
  4366 | D:4      | Reached skill level 10 in Axes
  4570 | D:4      | Noticed Sigmund
  4581 | D:4      | Killed Sigmund
  4582 | D:4      | Reached skill level 11 in Axes
  4582 | D:4      | Reached XP level 8. HP: 68/68 MP: 8/8
  5004 | D:5      | Entered Level 5 of the Dungeon
  5093 | D:5      | Found a sand-covered staircase.
  5125 | Ossuary  | Entered an ossuary
  5175 | Ossuary  | Reached skill level 12 in Axes
  5440 | Ossuary  | Reached ***** piety under Trog
  5468 | Ossuary  | Reached XP level 9. HP: 64/75 MP: 9/9
  5956 | D:5      | Found a hazy altar of Hepliaklqana.
  5956 | D:5      | Found a shimmering blue altar of Sif Muna.
  6216 | D:5      | Found a staircase to the Ecumenical Temple.
  6409 | Temple   | Entered the Ecumenical Temple
  6698 | D:6      | Found Toloumec's General Store.
  6713 | D:6      | Found Nettaik's Armour Emporium.
  6726 | D:6      | Bought the +1 pair of boots of Tenacity {rN+} for 289 gold
                  | pieces
  6762 | D:6      | Found Paefack's Jewellery Shop.
  6913 | D:6      | Found Muduil's Antique Weapon Boutique.
  7123 | D:6      | Reached skill level 5 in Armour
  7168 | D:6      | Reached skill level 13 in Axes
  7565 | D:7      | Noticed a two-headed ogre
  7577 | D:7      | Killed a two-headed ogre
  7755 | D:7      | Reached XP level 10. HP: 88/88 MP: 10/10
  7786 | D:7      | Reached skill level 14 in Axes
  8346 | D:8      | Identified 3 scrolls of acquirement
  8356 | D:7      | Acquired the +14 crystal plate armour of Suree {rElec rC-
                  | rN+++ rCorr}
  8358 | D:7      | Acquired a manual of Armour
  8360 | D:7      | Acquired 997 gold pieces
  8697 | D:8      | Noticed Pikel
  8718 | D:8      | Killed Pikel
  8762 | D:8      | Identified the ring of Tempters {Fly rPois rC+ Str+9 Dex-4}
  8948 | D:8      | Noticed Prince Ribbit
  8959 | D:8      | Killed Prince Ribbit
  9122 | D:8      | Reached skill level 15 in Axes
  9400 | D:9      | Noticed a two-headed ogre
  9417 | D:9      | Killed a two-headed ogre
  9495 | D:9      | Reached XP level 11. HP: 40/97 MP: 11/11
  9675 | D:9      | Found a staircase to the Orcish Mines.
  9699 | D:9      | Received a gift from Trog
  9764 | D:9      | Noticed Harold
  9780 | D:9      | Killed Harold
  9781 | D:9      | Reached skill level 10 in Armour
  9786 | D:9      | Noticed Joseph
  9818 | D:9      | Killed Joseph
  9819 | D:9      | Reached skill level 16 in Axes
  9918 | D:9      | Noticed a wizard
  9924 | Abyss:2  | Cast into level 2 of the Abyss (a wizard)
  9938 | Abyss:2  | Noticed a wretched star
  9983 | Abyss:2  | Quit the game

Illustrated notes

Levels and vault maps discovered:
D:1:      nzn_arrival_depleted_hourglass, layout_basic, serial_co_window_serial,
          co_window_of_opportunity_a, co_window_paths_b, co_window_paths_a,
          co_window_paths_a, co_window_paths_b, co_window_cross_4,
          co_window_of_opportunity_c, co_window_corner_ca, co_window_broadway_a,
          co_window_cross_2, co_window_sun, co_window_paths_e, glass_columns_a,
          glass_columns_b, glass_columns_a, glass_columns_a, serial_shops,
          nicolae_shop_just_a_little_nook, st_stairs_6
D:2:      layout_loops_corners, basic_ecumenical_altar
D:3:      layout_loops_ring, lemuel_round_altar,
          mainiacjoe_overflow_small_starburst, gup_sewer_entry_spiral,
          minmay_rat_hole, uniq_crazy_yiuf_cottage
D:4:      layout_loops_cross, uniq_menkaure, uniq_sigmund, uniq_grinder
D:5:      layout_loops_ring, gammafunk_temple_overflow_statue, temple_hall,
          nicolae_ossuary_entry_ruins, nicolae_nh_ransacked_shop
D:6:      layout_loops_cross, serial_shops, shop,
          nicolae_shop_temple_entry_statues_fountains, shop, shop
D:7:      layout_rooms, serial_curves, eino_curves_04, eino_curves_03
D:8:      layout_basic, grunt_ministairs_14, uniq_prince_ribbit1, uniq_pikel
D:9:      kennysheep_big_flooded_room, layout_rooms, erik_orc_3,
          minmay_misc_feat_room, chequers_serial_rivers_micro_c, uniq_joseph,
          uniq_harold, uniq_jeremiah
Temple:   nicolae_temple_two_arcs
Abyss:2:  base:
D:2

Skill      XL: |  1  2  3  4  5  6  7  8  9 10 11 |
---------------+----------------------------------+-----
Fighting       | 4 5 6 7 9 |  9.9
Axes           | 5 6 7 9 11 12 13 15 16 | 16.1
Dodging        | 3 4 |  4.2
Armour         | 4 6 9 10 | 10.2

Action                     |  1- 3 |  4- 6 |  7- 9 | 10-12 || total
---------------------------+-------+-------+-------+-------++-------
  Melee: Hand axe          |   114 |   293 |   375 |   426 ||  1208
         Punch             |     1 |     2 |     5 |     4 ||    12
 Invoke: Berserk           |     1 |     4 |     4 |     4 ||    13
         Trog's Hand       |       |       |       |     2 ||     2
    Use: Scroll            |       |    10 |     2 |     5 ||    17
 Armour: Animal skin       |    28 |       |       |       ||    28
         Chain mail        |    61 |   178 |   215 |    31 ||   485
         Crystal plate arm |       |       |       |   212 ||   212
  Dodge: Dodged            |    60 |   102 |   130 |   151 ||   443

Table legend: (Time is in decaauts)
 A = Elapsed time spent in this place.
 B = Non-inter-level travel time spent in this place.
 C = Inter-level travel time spent in this place.
 D = Time resting spent in this place.
 E = Time spent auto-exploring this place.
 F = Levels seen in this place.
 G = Mean time per level.
                   A        B        C        D        E       F      G
               +--------+--------+--------+--------+--------+-----+--------+
         Total |   9856 |   9509 |    347 |    868 |   6543 |  13 |  758.2 |
       Dungeon |   8724 |   8378 |    346 |    701 |   6003 |   9 |  969.3 |
        Temple |      1 |      1 |      0 |      0 |      0 |   1 |    1.0 |
         Abyss |     43 |     43 |      0 |      0 |      0 |   1 |   43.0 |
         Sewer |    562 |    562 |      0 |    102 |    315 |   1 |  562.0 |
       Ossuary |    524 |    524 |      0 |     65 |    225 |   1 |  524.0 |
               +--------+--------+--------+--------+--------+-----+--------+

Top non-repeatable levels by time:
     D:3: 1468 daAuts
     D:1: 1317 daAuts
     D:5: 993 daAuts
     D:2: 974 daAuts
     D:8: 953 daAuts
     D:6: 896 daAuts
     D:7: 817 daAuts
     D:4: 804 daAuts
   Sewer: 562 daAuts
 Ossuary: 524 daAuts
     D:9: 496 daAuts
 Abyss:2: 43 daAuts
  Temple: 1 daAuts
